 Seeded DCSS version 0.29.1-4-g47bece8355 (webtiles) character file.

Game seed: 1 (custom seed)

0 Kazon the Slasher (level 1, -1/16 HPs)
             Began as a Demonspawn Gladiator on Dec 9, 2022.
             Frozen to death by an endoplasm (4 damage)
             ... on level 1 of the Dungeon.
             The game lasted 00:01:07 (70 turns).

Kazon the Slasher (Demonspawn Gladiator)              Turns: 70, Time: 00:01:07

Health: -1/16      AC:  4    Str: 14    XL:     1   Next: 8%
Magic:  1/1        EV: 12    Int:  9    God:
Gold:   0          SH:  0    Dex: 14    Spells: 0/0 levels left

rFire   . . .      SeeInvis .   a - +0 long sword
rCold   . . .      Faith    .   (no shield)
rNeg    . . .      Spirit   .   b - +0 leather armour
rPois   .          Reflect  .   c - +0 helmet
rElec   .          Harm     .   (no cloak)
rCorr   .          Rampage  .   (no gloves)
Will    .....                   (no boots)
Stlth   +.........              (no amulet)
HPRegen 0.05/turn               (no ring)
MPRegen 0.07/turn               (no ring)

@: no status effects
A: no striking features
a: no special abilities


You were on level 1 of the Dungeon.
You visited 1 branch of the dungeon, and saw 1 of its levels.

Inventory:

Hand Weapons
 a - a +0 long sword (weapon)
Missiles
 d - 3 throwing nets (quivered)
 e - a javelin
Armour
 b - a +0 leather armour (worn)
 c - a +0 helmet (worn)
 f - a scarf of repulsion


   Skills:
 + Level 2.0 Fighting
 + Level 2.7 Long Blades
 + Level 1.7 Throwing
 + Level 2.6 Dodging


You couldn't memorise any spells.
You didn't know any spells.
Your spell library was empty.

Dungeon Overview and Level Annotations

Branches:
Dungeon (1/15)

Altars:


Message History

The bat hits you but does no damage. The bat attacks as you move away!
The bat hits you but does no damage.
Found 4 gold pieces.
The bat closely misses you. The bat barely misses you.
The bat attacks as you move away! The bat barely misses you. x2
The endoplasm freezes you.
You are frozen.
The bat barely misses you. The kobold barely misses you.
The endoplasm misses you. The bat closely misses you.
The kobold hits you with a +0 whip. The kobold attacks as you move away!
The kobold hits you but does no damage. The bat hits you.
You miss the bat. The bat completely misses you. The kobold barely misses you.
The endoplasm hits you.
* * * LOW HITPOINT WARNING * * *
The bat completely misses you. The bat closely misses you.
The bat completely misses you. The endoplasm attacks as you move away!
The endoplasm misses you. The kobold attacks as you move away!
The kobold closely misses you. The bat misses you. The bat barely misses you.
You slash the bat!
You kill the bat!
The kobold hits you with a +0 whip.
* * * LOW HITPOINT WARNING * * *
The endoplasm freezes you.
You are frozen.
* * * LOW HITPOINT WARNING * * *
The endoplasm attacks as you move away! The endoplasm misses you.
The kobold attacks as you move away! The kobold hits you but does no damage.
The endoplasm attacks as you move away! The endoplasm closely misses you.
The endoplasm attacks as you move away! The endoplasm closely misses you.
A goblin comes into view. It is wielding a +0 club.
The kobold attacks as you move away! The kobold barely misses you.
An endoplasm comes into view.
The endoplasm quivers.
The endoplasm attacks as you move away!
The endoplasm hits you but does no damage.
The goblin closely misses you. The endoplasm freezes you.
You are frozen.
You die...

# #####.... # #.........
..... # #......... .....
# #.......# #####..... #
#.......# #........# #
#.......# #........#
###.....$.# #........#
..........# #........#
..........+####g@......#
...!....†.....K..J.....#
..............J........#
###.####.........#######
#.# #.........# #.#
#.........# #.#
#.........# #.#
#.........# #.........#


You could see 2 endoplasms, a goblin and a kobold.

Vanquished Creatures
  A bat (D:1)
1 creature vanquished.

Notes
Turn   | Place    | Note
-------+----------+-------------------------------------------
     0 | D:1      | Kazon the Demonspawn Gladiator began the quest for the Orb.
     0 | D:1      | Reached XP level 1. HP: 16/16 MP: 1/1
    32 | D:1      | Identified a scroll of acquirement
    32 | D:1      | Acquired a scarf of repulsion
    70 | D:1      | Frozen to death by an endoplasm

Illustrated notes

Levels and vault maps discovered:
D:1:      dpeg_arrival_three_smaller_balls, layout_basic

Action                   || total
-------------------------++-------
Melee: Long sword        ||     2
  Use: Scroll            ||     1
Armor: Leather armour    ||    24
Dodge: Dodged            ||    42
